 Dungeon Crawl Stone Soup version 0.30.1-9-gdf580d7c3d (webtiles) character file.

Game seed: 4607665468010464145

2593 Peloso the Carver (level 9, -1/78 HPs)
             Began as a Minotaur Fighter on Oct 22, 2023.
             Was a Follower of Okawaru.
             Shot with an arrow by a centaur warrior (11 damage)
             ... on level 11 of the Dungeon.
             The game lasted 00:11:46 (8237 turns).

Peloso the Carver (Minotaur Fighter)                Turns: 8237, Time: 00:11:46

Health: -1/78      AC: 12    Str: 22    XL:     9   Next: 33%
Magic:  8/8        EV:  9    Int:  5    God:    Okawaru [*.....]
Gold:   420        SH:  5    Dex: 13    Spells: 8/8 levels left

rFire   + + .        a - +3 long sword
rCold   + + .        d - +0 buckler
rNeg    . . .        c - +0 chain mail
rPois   .            (helmet restricted)
rElec   .            s - scarf {rC+ rF+}
rCorr   .            p - +0 pair of gloves
SInv    .            (no boots)
Will    .....        (no amulet) Stlth
                     i - ring of protection from fire
HPRegen 0.33/turn    k - ring of protection from cold
MPRegen 0.11/turn

%: no passive effects
@: no status effects
A: horns 2, retaliatory headbutt
a: Renounce Religion, Heroism


You were on level 11 of the Dungeon.
You worshipped Okawaru.
Okawaru was aware of your devotion.
You visited 1 branch of the dungeon, and saw 9 of its levels.

You collected 420 gold pieces.

Inventory:

Hand Weapons
 a - a +3 long sword (weapon)
Armour
 b - a +0 scale mail
 c - a +0 chain mail (worn)
 d - a +0 buckler (worn)
 p - a +0 pair of gloves (worn)
 s - a scarf of resistance (worn)
Jewellery
 i - a ring of protection from fire (left hand)
 k - a ring of protection from cold (right hand)
 u - a ring of fire
 B - the ring of Opaipn {rElec EV+5 Str+9 Int-5 Stlth-}
   (You found it on level 6 of the Dungeon)

   [ring of evasion]

   EV:        It affects your evasion (+5).
   Str:       It affects your strength (+9).
   Int:       It affects your intelligence (-5).
   rElec:     It insulates you from electricity.
   Stlth:     It makes you less stealthy.
Wands
 y - a wand of flame (43)
Scrolls
 e - a scroll of silence {unknown}
 l - 2 scrolls of fear {unknown}
 m - 3 scrolls of poison
 n - a scroll of summoning {unknown}
 o - a scroll of immolation {unknown}
 r - 3 scrolls of identify
 v - a scroll of magic mapping
 z - 2 scrolls of fog {unknown}
 A - a scroll of vulnerability {unknown}
Potions
 f - 5 potions of curing
 g - a potion of resistance
 h - 2 potions of magic
 q - a potion of flight {unknown}
 t - 3 potions of lignification {unknown}
 w - a potion of berserk rage {unknown}
 x - a potion of invisibility {unknown}
 C - a potion of might


   Skills:
 + Level 6.6 Fighting
 + Level 9.9 Long Blades
 + Level 8.7 Armour
 + Level 2.8 Dodging
 + Level 1.7 Stealth
 + Level 6.4 Shields


You had 8 spell levels left.
You didn't know any spells.
Your spell library contained the following spells:

 Spells                   Type           Power      Damage    Failure   Level
 Apportation              Tloc           0%         N/A       97%         1
 Kiss of Death            Conj/Necr      0%         2d5       97%         1
 Confusing Touch          Hex            0%         N/A       100%        3
 Ozocubu's Armour         Ice            0%         N/A       100%        3
 Dispel Undead            Necr           0%         3d6       100%        4
 Alistair's Intoxication  Tmut/Pois      0%         N/A       100%        5
 Orb of Destruction       Conj           0%         9d5       100%        7
 Ozocubu's Refrigeration  Ice            0%         4d7       100%        7
 Summon Guardian Golem    Hex/Summ       Unusable   N/A       N/A         3
 Spellforged Servitor     Conj/Summ      Unusable   N/A       N/A         7

Dungeon Overview and Level Annotations

Branches:
Dungeon (8/15)             Temple (0/1) D:7
   Lair: D:8-11

Altars:
Fedhas
Hepliaklqana
Nemelex Xobeh
Okawaru
Ru
Trog
Vehumet
Zin
The Shining One

Annotations:
D:11 Urug


Innate Abilities, Weirdness & Mutations

You have a pair of horns on your head.
You reflexively headbutt those who attack you in melee.


Message History

Something completely misses you. You block the yak's attack. x2
Unknown command.
Something hits you but does no damage.
Unknown command.
You closely miss the yak. You headbutt the yak.
The yak is lightly wounded.
Something hits you.
* * * LOW HITPOINT WARNING * * *
Something hits you but does no damage.
Unknown command.
You closely miss something.
Your surroundings seem slightly different.
The boulder beetle curls into a ball and begins rolling!
Unknown command.
Something completely misses you.
As you read the scroll of teleportation, it crumbles to dust.
You feel strangely unstable.
The boulder beetle stops rolling and uncurls.
Something hits you but does no damage.
Your surroundings suddenly seem different.
Urug, 3 yaks, a centaur warrior and 2 centaurs come into view.
Urug is wielding a +2 double sword and quivering silver javelins.
Found a short copper wand.
Found an escape hatch in the floor.
Urug shouts!
The yak bellows! x2; The centaur warrior shouts!
The centaur shouts! x2
The centaur wields a +0 shortbow.
The centaur shoots an arrow.
The arrow hits you.
* * * LOW HITPOINT WARNING * * *
The centaur wields a +0 shortbow.
The centaur shoots an arrow.
The arrow hits you.
* * * LOW HITPOINT WARNING * * *
A yak comes into view.
The centaur shoots an arrow.
You block the arrow.
Found 11 gold pieces.
Found a stone staircase leading up.
Urug squints and says, "My one eye mightn't be all that good, but I can see you just fine with it, harpy."
Urug throws a silver javelin.
The silver javelin pierces through you.
* * * LOW HITPOINT WARNING * * *
x2 The centaur warrior wields a +0 longbow.
The centaur warrior shoots an arrow.
The arrow hits you!
You die...

# ..< $..### #
.... .....##+ #
....##...... #
#.........
........ .....
## #..## ##.
#...##@.#....#
#............#
##.c......o...
...c...........
...............
.......Y......>
c#.....Y.Y.....
####..../.....
.#....Y..#.


You could see Urug, a centaur warrior, 3 yaks and 2 centaurs.

Vanquished Creatures
  A yak (D:11)
  2 steam dragons (D:7)
  A black bear (D:8)
  An ice beast (D:6)
  A sky beast (D:8)
  The ghost of VerbalBBQ the Shield-Bearer, an amateur FoFi (D:3)
  An ogre (D:7)
  2 kobold brigands (D:7)
  A bullfrog (D:6)
  2 scorpions
  9 wights
  A howler monkey (D:4)
  A vampire bat (D:3)
  3 hounds
  A gnoll bouda (D:7)
  A jelly (D:6)
  3 orc priests (D:5)
  2 sleepcaps
  7 iguanas
  3 orc wizards
  14 gnolls
  4 adders
  2 shadow imps
  A white imp (D:7)
  2 ufetubi (D:5)
  3 worms
  A dart slug (D:1)
  20 orcs
  9 bats (D:3)
  7 endoplasms
  5 giant cockroaches
  12 goblins
  7 hobgoblins
  12 kobolds
  2 quokkas (D:3)
  6 ball pythons
  4 frilled lizards
  14 rats
169 creatures vanquished.

Vanquished Creatures (others)
  An orc wizard (D:5)
1 creature vanquished.

Grand Total: 170 creatures vanquished

Notes
Turn   | Place    | Note
-------+----------+-------------------------------------------
     0 | D:1      | Peloso the Minotaur Fighter began the quest for the Orb.
     0 | D:1      | Reached XP level 1. HP: 19/19 MP: 0/0
   162 | D:1      | Reached XP level 2. HP: 27/27 MP: 1/1
  1057 | D:2      | Reached skill level 3 in Long Blades
  1057 | D:2      | Reached XP level 3. HP: 16/33 MP: 2/2
  1254 | D:2      | Reached XP level 4. HP: 24/40 MP: 3/3
  1382 | D:2      | Reached skill level 4 in Long Blades
  2273 | D:3      | Reached XP level 5. HP: 40/46 MP: 4/4
  2274 | D:3      | Found a transporter.
  2274 | D:3      | Noticed VerbalBBQ's ghost (amateur FoFi)
  2277 | D:3      | Found a transporter.
  2767 | D:3      | Reached skill level 5 in Long Blades
  3221 | D:4      | Reached skill level 5 in Armour
  3268 | D:4      | Reached skill level 1 in Dodging
  3268 | D:4      | Reached XP level 6. HP: 53/53 MP: 5/5
  4021 | D:5      | Entered Level 5 of the Dungeon
  4360 | D:5      | Reached skill level 6 in Long Blades
  4365 | D:5      | Reached XP level 7. HP: 37/60 MP: 6/6
  4701 | D:5      | Reached skill level 5 in Shields
  4915 | D:5      | Reached skill level 1 in Stealth
  5575 | D:6      | Reached skill level 5 in Fighting
  5696 | D:6      | Reached skill level 7 in Long Blades
  5788 | D:6      | Reached XP level 8. HP: 68/68 MP: 7/7
  5891 | D:6      | Identified the ring of Opaipn {rElec EV+5 Str+9 Int-5
                  | Stlth-}
  6063 | D:6      | Noticed a moth of wrath
  6066 | D:6      | Found a bloodstained altar of Trog.
  6334 | D:3      | Killed VerbalBBQ's ghost
  6451 | D:7      | Found a staircase to the Ecumenical Temple.
  6674 | D:7      | Found a radiant altar of Vehumet.
  6779 | D:7      | Reached skill level 8 in Long Blades
  7358 | D:7      | Found an iron altar of Okawaru.
  7358 | D:7      | Found a sparkling altar of Nemelex Xobeh.
  7364 | D:7      | Found a hazy altar of Hepliaklqana.
  7365 | D:7      | Became a worshipper of Warmaster Okawaru
  7368 | D:7      | Found a blossoming altar of Fedhas.
  7369 | D:7      | Found a sacrificial altar of Ru.
  7371 | D:7      | Found a glowing silver altar of Zin.
  7374 | D:7      | Found a glowing golden altar of the Shining One.
  7800 | D:7      | Reached skill level 9 in Long Blades
  7803 | D:7      | Reached XP level 9. HP: 69/75 MP: 8/8
  8107 | D:8      | Reached * piety under Okawaru
  8182 | D:8      | You fall into a shaft and drop 3 floors!
  8184 | D:11     | Noticed a boulder beetle
  8236 | D:11     | Noticed Urug
  8236 | D:11     | Noticed a centaur warrior
  8237 | D:11     | Shot with an arrow by a centaur warrior

Illustrated notes

Levels and vault maps discovered:
D:1:      dpeg_arrival_court, layout_loops_ring
D:2:      layout_loops_corners
D:3:      layout_basic, gammafunk_ghost_arena, minmay_misc_feat_rugged,
          roderic_batcave
D:4:      layout_basic
D:5:      layout_cave_pods, chequers_serial_rivers_room_b, minmay_crossroads
D:6:      layout_basic, tgw_trog
D:7:      layout_loops_corners, nicolae_overflow_hallway_of_the_gods,
          vehumet_altar_wand_db, temple_doors_e, minmay_unpleasant_kobolds
D:8:      layout_rooms, lair_entry_dummy, gammafunk_ghost_nasty_kobolds,
          grunt_ministairs_4, uniq_grum
D:11:     minmay_the_grid_triangle_9x9_rhombus_thin_mashed
          [minmay_the_grid_triangle_9x9_descending_squares,
          minmay_the_grid_triangle_9x9_prize_insulated,
          minmay_the_grid_triangle_9x9_shrine,
          minmay_the_grid_triangle_9x9_impossible_snake], layout_cave_pools,
          orc_0_dummy, uniq_urug, uniq_snorg

Skill      XL: |  1  2  3  4  5  6  7  8 |
---------------+-------------------------+-----
Armour         | 4 5 6 8 |  8.7
Shields        | 4 5 6 |  6.4
Long Blades    | 3 4 5 6 7 9 |  9.9
Fighting       | 4 5 6 |  6.6
Dodging        | 1 2 |  2.8
Stealth        | 1 |  1.7

Action                     |  1- 3 |  4- 6 |  7- 9 || total
---------------------------+-------+-------+-------++-------
  Melee: Long sword        |    78 |   162 |   290 ||   530
         Headbutt          |     5 |    17 |    66 ||    88
 Invoke: Heroism           |       |       |     1 ||     1
    Use: Potion            |     2 |     3 |     2 ||     7
         Scroll            |     2 |       |     3 ||     5
 Armour: Scale mail        |    38 |   109 |    31 ||   178
         Chain mail        |       |       |    94 ||    94
  Dodge: Dodged            |    31 |    90 |   140 ||   261
  Block: Buckler           |     8 |    39 |    77 ||   124
